 Dungeon Crawl Stone Soup version 0.27.1-2-g3b301248ec (webtiles) character file.

Game seed: 4170823381631978691

65 Descartes the Skirmisher (level 3, -12/21 HPs)
             Began as a Spriggan Wanderer on Oct 1, 2021.
             Killed by divine providence
             ... invoked by an orc priest
              (13 damage)
             ... on level 2 of the Dungeon.
             The game lasted 00:03:32 (2583 turns).

Descartes the Skirmisher (Spriggan Wanderer)        Turns: 2583, Time: 00:03:33

Health: -12/21     AC:  2    Str:  7    XL:     3   Next: 94%
Magic:  4/4        EV: 17    Int: 15    God:
Gold:   39         SH:  0    Dex: 14    Spells: 2/2 levels left

rFire    . . .     SeeInvis +   a - +2 dagger
rCold    . . .     Faith    .   (shield restricted)
rNeg     . . .     Spirit   .   c - +0 robe
rPois    .         Reflect  .   (helmet restricted)
rElec    .         Harm     .   (no cloak)
rCorr    .         Rampage  .   (gloves unavailable)
Will     +....                  (boots unavailable)
Stlth    ++........             (no amulet)
HPRegen  0.07/turn              k - ring of willpower
MPRegen  0.09/turn              (no ring)

@: very quick
A: very small, no large weapons, unfitting armour, see invisible, speed 3
a: no special abilities


You were on level 2 of the Dungeon.
You visited 1 branch of the dungeon, and saw 2 of its levels.

You collected 39 gold pieces.

Inventory:

Hand Weapons
 a - a +2 dagger (weapon)
 b - a +0 hunting sling
Missiles
 f - 4 curare-tipped darts (quivered)
 i - 35 stones
 j - 9 sling bullets
Armour
 c - a +0 robe (worn)
Jewellery
 k - a ring of willpower (left hand)
Scrolls
 g - a scroll of holy word {unknown}
Potions
 e - a potion of lignification {unknown}
 h - a potion of resistance {unknown}


   Skills:
 - Level 4.1 Fighting
 + Level 1.7 Short Blades
 - Level 1.0 Maces & Flails
 + Level 2.0(2.2) Slings
 - Level 1.0(1.4) Throwing
 + Level 2.7 Dodging
 + Level 2.7 Stealth
 - Level 1.0 Unarmed Combat
 - Level 1.3 Evocations


You had 2 spell levels left.
You didn't know any spells.
Your spell library was empty.

Dungeon Overview and Level Annotations

Branches:
Dungeon (2/15)

Altars:


Innate Abilities, Weirdness & Mutations

You are very small and have problems with some larger weapons.
You are too small for most types of armour.
You have supernaturally acute eyesight. (SInv)
You cover ground extremely quickly. (Speed+++)


Message History

You hit the orc.
The orc is severely wounded.
The orc hits you with a +0 hand axe.
You hit the orc.
You kill the orc!
The orc barely misses you.
You hit the orc priest.
The orc priest is lightly wounded.
The orc misses you. The orc completely misses you. The orc misses you.
The orc priest hits you with a +0 dagger.
You hit the orc priest.
The orc priest is moderately wounded.
The orc completely misses you. x2
The orc priest hits you with a +0 dagger.
You hit the orc priest.
The orc priest is moderately wounded.
The orc misses you. The orc barely misses you.
The orc hits you with a +0 hand axe. The orc priest completely misses you.
You hit the orc priest.
The orc priest is moderately wounded.
The orc hits you from afar with a +0 trident!
* * * LOW HITPOINT WARNING * * *
The orc completely misses you.
The orc priest hits you with a +0 dagger.
* * * LOW HITPOINT WARNING * * *
You feel better.
The orc hits you from afar with a +0 trident!
* * * LOW HITPOINT WARNING * * *
The orc barely misses you. The orc misses you.
The orc priest hits you with a +0 dagger.
* * * LOW HITPOINT WARNING * * *
You hit the orc priest.
The orc priest is heavily wounded.
The orc hits you from afar with a +0 trident.
* * * LOW HITPOINT WARNING * * *
The orc closely misses you. x2
The orc priest invokes the aid of Beogh against you.
Beogh smites you!
Ouch! That really hurt!
You die...

#.....)......###### ##
#.##.#.#
###########).........#
#.###.## #
#..#######.# #...#.# #
#..# #.# #.#...# #
##..## #.# #...### #
......#####.#####..###
.....................#
#.....o.#............#
#.8...8@#.#.######.###
#.....oo#.#.# #.#
#....o..#.#.######.#
#.......#.#......<.#
#.8...8.#.##########
#.......#.#
##.....##.# ##$⌠$#


You could see an orc priest and 3 orcs.

Vanquished Creatures
  2 adders (D:2)
  2 dart slugs
  An orc (D:2)
  An endoplasm (D:1)
  4 giant cockroaches
  3 goblins
  2 hobgoblins (D:1)
  4 jackals (D:1)
  4 kobolds (D:2)
  2 quokkas (D:1)
  5 ball pythons
  4 bats
  A frilled lizard (D:1)
  2 rats (D:1)
37 creatures vanquished.

Notes
Turn   | Place    | Note
-------+----------+-------------------------------------------
     0 | D:1      | Descartes the Spriggan Wanderer began the quest for the
                  | Orb.
     0 | D:1      | Descartes set off with the following items: a +2 dagger, 4
                  | curare-tipped darts, a +0 robe, a potion of curing
     0 | D:1      | Reached XP level 1. HP: 13/13 MP: 2/2
   112 | D:1      | Found a faded altar of an unknown god.
   342 | D:1      | Reached skill level 1 in Stealth
   570 | D:1      | Reached XP level 2. HP: 3/17 MP: 3/3
  1031 | D:1      | Reached skill level 1 in Slings
  1035 | D:1      | Reached skill level 1 in Short Blades
  1369 | D:1      | Reached XP level 3. HP: 11/21 MP: 4/4
  2583 | D:2      | HP: 1/21 [orc (2)]
  2583 | D:2      | Killed from afar by an orc priest

Illustrated notes

Levels and vault maps discovered:
D:1:      dpeg_arrival_three_bigger_balls, layout_loops_corners,
          ebering_ecumenical_altar_webs
D:2:      cheibrodos_pilgrimage, layout_loops_ring, kennysheep_nondescript,
          chequers_serial_rivers_large_b, serial_bayou_ford_a,
          chequers_decorated_corner, minmay_misc_feat_four_crosses

Skill      XL: |  1  2  3 |
---------------+----------+-----
Stealth        | 1 2 |  2.7
Slings         | 1 2 |  2.0
Short Blades   | 1 |  1.7
Dodging        | 2 |  2.7
Fighting       | |  4.1
Maces & Flails | |  1.0
Throwing       | |  1.0
Unarmed Combat | |  1.0
Evocations     | |  1.3

Action                   || total
-------------------------++-------
Melee: Dagger            ||   157
  Use: Potion            ||     2
 Stab: Sleeping          ||     5
       Distracted        ||     1
Armor: Robe              ||    24
Dodge: Dodged            ||   126
